AoeStats
← Mhafiki

Arabia

503240012Analyzed
1v1 RM · 1mo ago on Aug 30, 2026· 29m 10s· 2 players
Game mode
Random Map
Map size
Tiny (2 player)
Population
200
Speed
Normal
Resources
Standard
Victory
Conquest
Starting age
Dark Age
Ending age
Imperial Age
RankedLock teamsTeams togetherTeam positionsShared explorationLock speedFull tech treeHidden civsTurbo modeCheats
Victory
Defeat
🇨🇴 Franks · Colombia
1149
+15
🇺🇸 Wei · United States
1138
-15
Mhafiki
3:27 Loom
11:38 Feudal Age
13:54 Double-Bit Axe
14:56 Horse Collar
24:16 Castle Age
24:20 Pikeman
28:01 Forging
28:04 Gold Mining
28:24 Bow Saw
29:01 Scale Mail Armor
Elfelo
7:25 Loom
9:55 Feudal Age
21:14 Castle Age
19:27 Gold Mining
20:16 Forging
20:50 Scale Barding Armor
23:02 Iron Casting
22:58 Double-Bit Axe
25:50 Husbandry
Connection lost

Rejoining the realm…

Still unreachable

The connection could not be restored.

Session expired

The server has moved on; the page needs a fresh start.